[Event "Titled Tuesday Blitz March 28 Early 2023"]
[White "Gontcharov, Vladislav"]
[Black "Titichoca Daza, Daniel"]
[WhiteFideId "4123492"]
[BlackFideId "3309550"]
[WhiteElo "2470"]
[BlackElo "2095"]
[Result "0-1"]
[Round "07"]
[TimeControl "180+2"]
[Date "2023.03.28"]
[WhiteClock "0:01:39"]
[BlackClock "0:02:40"]

1. d4 Nf6 2. c4 c5 3. d5 e5 4. Nc3 d6 5. g3 Be7 6. Bg2 O-O 7. Nf3 g6 8. h3 Ne8 9. g4 Ng7 10. Bh6 f5 11. g5 e4 12. Nh2 Bxg5 13. Bxg7 Kxg7 14. e3 Bf6 15. Qc2 Nd7 16. O-O-O Ne5 17. Kb1 a6 18. f3 Nxc4 19. fxe4 Nxe3 20. Qd3 Nxd1 21. Rxd1 b5 22. exf5 Bxf5 23. Be4 Bxc3 24. Bxf5 Rxf5 25. Qxc3+ Qf6 26. Qa5 Rf2 27. Ng4 Qxb2# 0-1


[Site "https://www.chess.com"]

[Event "Titled Tuesday Blitz March 28 Early 2023"]
[White "Tica, Sven"]
[Black "Vadim_Galchenko"]
[WhiteFideId "14526948"]
[WhiteElo "2348"]
[BlackElo "2337"]
[Result "1-0"]
[Round "07"]
[TimeControl "180+2"]
[Date "2023.03.28"]
[WhiteClock "0:00:39"]
[BlackClock "0:00:08"]

1. e4 e6 2. b3 d5 3. Bb2 dxe4 4. Nc3 Nf6 5. Qe2 Be7 6. O-O-O a5 7. Nxe4 a4 8. d4 Qd5 9. Nc3 Qa5 10. Qb5+ Bd7 11. Qxa5 Rxa5 12. Nf3 O-O 13. Ne5 axb3 14. axb3 Rd8 15. Be2 Nc6 16. Nxd7 Rxd7 17. Nb5 Nb4 18. c3 Nbd5 19. c4 Nb4 20. Bf3 c6 21. Nc3 Na2+ 22. Nxa2 Rxa2 23. Kb1 Ra8 24. Rhe1 Rad8 25. Kc2 Bb4 26. Re3 Kf8 27. g4 h6 28. h4 Ne8 29. g5 hxg5 30. hxg5 Nd6 31. Bg4 b5 32. c5 Nf5 33. Bxf5 exf5 34. Rh1 g6 35. Rh8+ Kg7 36. d5+ f6 37. Bxf6+ Kf7 38. Rxd8 1-0


[Site "https://www.chess.com"]

[Event "Titled Tuesday Blitz March 28 Early 2023"]
[White "Mortazavi, Ali"]
[Black "Costachi, Mihnea"]
[WhiteFideId "401323"]
[BlackFideId "1217518"]
[WhiteElo "2339"]
[BlackElo "2456"]
[Result "0-1"]
[Round "07"]
[TimeControl "180+2"]
[Date "2023.03.28"]
[WhiteClock "0:00:01"]
[BlackClock "0:01:04"]

1. Nf3 g6 2. e4 Bg7 3. d4 d6 4. Nc3 Nf6 5. Be3 O-O 6. Qd2 Nc6 7. Bb5 e5 8. Bxc6 exd4 9. Nxd4 bxc6 10. f3 c5 11. Nde2 Rb8 12. Rb1 Re8 13. Bh6 Nxe4 14. Nxe4 Qh4+ 15. N2g3 Bxh6 16. Qc3 d5 17. O-O dxe4 18. Nxe4 Bg7 19. Qxc5 Qe7 20. Qxa7 Bf5 21. Rbe1 Qb4 22. Kh1 Qxb2 23. Qxc7 Qxa2 24. Nd6 Rf8 25. Nxf5 gxf5 26. Qc5 Rbc8 27. Qxf5 Qxc2 28. Qg4 Qg6 29. Qh3 Rfe8 30. Qd7 Red8 31. Qa4 Rd2 32. Re8+ Bf8 33. Rg1 Rxe8 34. Qxe8 Kg7 35. Qe5+ Qf6 36. Qg3+ Qg6 37. Qe5+ Kg8 38. Qa5 Rc2 39. Qd8 h6 40. Qe8 Kg7 41. Qe5+ Kh7 42. Qg3 Qxg3 43. hxg3 h5 44. Kh2 Bd6 45. Kh3 Kg6 46. Rd1 Be7 47. Rd5 Rc1 48. Kh2 Bf6 49. Rb5 Re1 50. Rd5 Be5 51. f4 Bf6 52. g4 hxg4 53. Kg3 Re2 54. Rb5 Bd4 55. Rd5 Bc3 56. Rc5 Be1+ 57. Kxg4 Rxg2+ 58. Kf3 Rf2+ 59. Kg4 f5+ 60. Rxf5 Rg2+ 61. Kf3 Rg3+ 62. Ke4 Ra3 63. Rg5+ Kf6 64. Rb5 Ra4+ 65. Kf3 Bc3 66. Rb6+ Kf5 67. Rb5+ Kg6 68. Rb6+ Bf6 69. Rb5 Ra1 70. Kg4 Rg1+ 71. Kf3 Rf1+ 72. Kg4 Rd1 73. Rb6 Rd4 74. Ra6 Rd5 75. Rc6 Kf7 76. Kf3 Be7 77. Ke4 Ra5 78. Rb6 Bf6 79. Rc6 Bd8 80. Rc8 Ke7 81. Rc6 Kd7 82. Rh6 Bc7 83. Rh7+ Kd6 84. Rh6+ Kd7 85. Rh7+ Kc8 86. Rh8+ Bd8 87. Rh7 Rb5 88. f5 Bf6 89. Rf7 Bb2 90. Rf8+ Kd7 91. Rf7+ Kd6 92. Rf8 Rb4+ 93. Kf3 Ke5 94. f6 Kf5 95. f7 Rb3+ 96. Ke2 Kf6 0-1


[Site "https://www.chess.com"]

[Event "Titled Tuesday Blitz March 28 Early 2023"]
[White "Kosakowski, Jakub"]
[Black "Jumanov, Elbek"]
[WhiteFideId "1185080"]
[BlackFideId "14202905"]
[WhiteElo "2488"]
[BlackElo "2055"]
[Result "1-0"]
[Round "07"]
[TimeControl "180+2"]
[Date "2023.03.28"]
[WhiteClock "0:00:22"]
[BlackClock "0:00:11"]

1. d4 Nf6 2. Nf3 g6 3. Nbd2 d5 4. b4 a5 5. b5 c5 6. bxc6 bxc6 7. e3 Bg7 8. Be2 O-O 9. O-O c5 10. c4 Ba6 11. Bb2 Nbd7 12. cxd5 Bxe2 13. Qxe2 Nxd5 14. Rfc1 cxd4 15. Bxd4 N7f6 16. Nc4 Ne4 17. Bxg7 Kxg7 18. Nd4 Qd7 19. Qf3 Nef6 20. Ne5 Qa4 21. Rc4 Qa3 22. Rac1 Qxa2 23. e4 Nb4 24. Rc7 Rad8 25. Qe3 Qb2 26. Ndf3 Rfe8 27. h3 a4 28. Ra7 Nc2 29. Qf4 a3 30. Ng5 a2 31. Nexf7 a1=Q 32. Rcxa1 Nxa1 33. Nxd8 Qb1+ 34. Kh2 Nc2 35. Nde6+ Kg8 36. Qxf6 Qb8+ 37. g3 1-0


[Site "https://www.chess.com"]

[Event "Titled Tuesday Blitz March 28 Early 2023"]
[White "Rom, Jasper"]
[Black "Zemlyanskii, Ivan"]
[WhiteFideId "2023733"]
[BlackFideId "24249971"]
[WhiteElo "2233"]
[BlackElo "2233"]
[Result "0-1"]
[Round "07"]
[TimeControl "180+2"]
[Date "2023.03.28"]
[WhiteClock "0:00:07"]
[BlackClock "0:00:54"]

1. e4 Nc6 2. Nf3 d5 3. exd5 Qxd5 4. Nc3 Qd6 5. d4 Nf6 6. Nb5 Qd8 7. Bf4 Nd5 8. Bg3 a6 9. Nc3 Bg4 10. Be2 e6 11. O-O Nxc3 12. bxc3 Bd6 13. Rb1 Rb8 14. Re1 O-O 15. Bd3 h6 16. Qd2 Bxf3 17. gxf3 Ne7 18. Kh1 Bxg3 19. hxg3 b6 20. Kg2 a5 21. Qf4 Nd5 22. Qe4 g6 23. Qg4 Qf6 24. c4 h5 25. Qh3 Nb4 26. Re5 Rbd8 27. Rxh5 gxh5 28. Qxh5 Nxd3 29. cxd3 Kg7 30. Ra1 Rh8 31. Qg4+ Kf8 32. d5 Qxa1 0-1


[Site "https://www.chess.com"]

[Event "Titled Tuesday Blitz March 28 Early 2023"]
[White "Lukas2010"]
[Black "Seo, Jung Min"]
[BlackFideId "1734687"]
[WhiteElo "2499"]
[BlackElo "2468"]
[Result "1-0"]
[Round "07"]
[TimeControl "180+2"]
[Date "2023.03.28"]
[WhiteClock "0:00:05"]
[BlackClock "0:00:41"]

1. e4 c5 2. Nf3 Nc6 3. d4 cxd4 4. Nxd4 e6 5. Nc3 Qc7 6. g3 a6 7. Bg2 Nf6 8. O-O Nxd4 9. Qxd4 Bc5 10. Bf4 d6 11. Qd2 h6 12. Rad1 e5 13. Be3 Bxe3 14. fxe3 Be6 15. Qxd6 Rc8 16. Qxc7 Rxc7 17. Rd2 Rxc3 18. bxc3 Ke7 19. Rb1 Rb8 20. a4 a5 21. Rb5 b6 22. Rxe5 Ng4 23. Rb5 Nxe3 24. e5 Nc4 25. Rd4 Na3 26. Rb2 Nc4 27. Rb1 Nxe5 28. Bd5 Bd7 29. Kf2 f6 30. c4 Kd6 31. Bg2+ Kc7 32. c5 bxc5 33. Rxb8 cxd4 34. Rg8 g5 35. Ra8 Kb6 36. h3 Bxa4 37. Rh8 Bxc2 38. Rxh6 a4 39. Rxf6+ Ka5 40. Re6 Nd3+ 41. Ke2 a3 42. Bd5 Nb4 43. Bc4 a2 44. Re8 Be4 45. Bxa2 Bg2 46. Re5+ Ka4 47. Be6 Nc6 48. Bd7 1-0


[Site "https://www.chess.com"]

[Event "Titled Tuesday Blitz March 28 Early 2023"]
[White "Garv Gaur"]
[Black "Karolczuk, Iwo"]
[WhiteFideId "45030839"]
[BlackFideId "21816972"]
[WhiteElo "2068"]
[BlackElo "2348"]
[Result "0-1"]
[Round "07"]
[TimeControl "180+2"]
[Date "2023.03.28"]
[WhiteClock "0:00:08"]
[BlackClock "0:00:32"]

1. Nf3 g6 2. g3 Bg7 3. Bg2 e5 4. O-O Ne7 5. d3 O-O 6. c4 Nbc6 7. Nc3 d6 8. Rb1 a5 9. a3 h6 10. b4 axb4 11. axb4 Be6 12. b5 Na5 13. Ne1 f5 14. Nc2 Qd7 15. e3 f4 16. Re1 fxg3 17. hxg3 Bh3 18. Be4 Bg4 19. Qd2 h5 20. Nd5 Nxd5 21. Bxd5+ Kh7 22. Kg2 Qf5 23. Bb2 Nb3 24. Re2 Bf3+ 25. Kh2 Nxd2 26. Rxd2 Bxd5 27. cxd5 h4 28. e4 Qh5 29. Rh1 Bh6 30. Ne3 hxg3+ 31. Kg2 Qf3+ 0-1


[Site "https://www.chess.com"]

[Event "Titled Tuesday Blitz March 28 Early 2023"]
[White "Osinenko, Anton"]
[Black "Weetik, Vjacheslav"]
[WhiteFideId "4158970"]
[BlackFideId "4153472"]
[WhiteElo "2294"]
[BlackElo "2469"]
[Result "1-0"]
[Round "07"]
[TimeControl "180+2"]
[Date "2023.03.28"]
[WhiteClock "0:00:55"]
[BlackClock "0:00:19"]

1. e4 c5 2. Nf3 Nc6 3. c3 e6 4. d4 d5 5. exd5 exd5 6. Bd3 c4 7. Bc2 Bd6 8. O-O Nge7 9. b3 cxb3 10. axb3 O-O 11. Nbd2 Bf5 12. Re1 Rc8 13. Bb2 a6 14. c4 Qd7 15. Bxf5 Nxf5 16. Nf1 Bb4 17. Re2 f6 18. Ng3 Bd6 19. Rc1 Bxg3 20. hxg3 Rfe8 21. Rxe8+ Rxe8 22. Qd3 Nd6 23. Ba3 Ne4 24. Re1 g5 25. Nd2 Nxd2 26. Rxe8+ Qxe8 27. Qxd2 Qe4 28. Bc5 Qb1+ 29. Kh2 Qxb3 30. Qe2 Kf7 31. Qh5+ Kg7 32. Qe8 1-0


[Site "https://www.chess.com"]

[Event "Titled Tuesday Blitz March 28 Early 2023"]
[White "Korchmar, Vasiliy"]
[Black "ArchibaldCerveza29"]
[WhiteFideId "24131750"]
[WhiteElo "2370"]
[BlackElo "2495"]
[Result "1-0"]
[Round "07"]
[TimeControl "180+2"]
[Date "2023.03.28"]
[WhiteClock "0:00:05"]
[BlackClock "0:00:03"]

1. e4 e5 2. Nf3 Nc6 3. Bc4 Nf6 4. d3 Be7 5. O-O O-O 6. Nc3 d6 7. a4 Be6 8. Nd5 Bxd5 9. exd5 Nb8 10. Re1 Nbd7 11. d4 e4 12. Nd2 Nb6 13. Bb3 Nbxd5 14. Nxe4 c6 15. Qf3 Re8 16. Bd2 Nxe4 17. Rxe4 Nf6 18. Re2 d5 19. Rae1 Qd7 20. Bg5 Ne4 21. Rxe4 Bxg5 22. R4e2 Rxe2 23. Qxe2 Kf8 24. c4 dxc4 25. Qxc4 Re8 26. Qc5+ Kg8 27. Rd1 Bf6 28. d5 cxd5 29. Bxd5 Qxa4 30. b3 Qd4 31. Qc1 Qb6 32. Qc4 Rf8 33. h4 h6 34. g3 Be5 35. Kg2 Qf6 36. Bxb7 Rd8 37. Bd5 Rd6 38. Rd3 Qe7 39. Re3 Rf6 40. h5 Qd6 41. Qe4 Bc3 42. Qe8+ Kh7 43. Be4+ g6 44. hxg6+ fxg6 45. Rxc3 Qd4 46. Re3 Rf7 47. Qxf7+ Qg7 48. Qxg7+ Kxg7 49. Bc6 1-0


[Site "https://www.chess.com"]

[Event "Titled Tuesday Blitz March 28 Early 2023"]
[White "Sztokbant, Bernardo Vainzoff"]
[Black "Skvortsov, Andrei"]
[WhiteFideId "2115956"]
[BlackFideId "24108600"]
[WhiteElo "2222"]
[BlackElo "2259"]
[Result "0-1"]
[Round "07"]
[TimeControl "180+2"]
[Date "2023.03.28"]
[WhiteClock "0:00:03"]
[BlackClock "0:00:32"]

1. e4 c6 2. d4 d5 3. e5 Bf5 4. Nf3 e6 5. Bd3 Ne7 6. O-O Nd7 7. Nc3 h6 8. Re1 a6 9. Ne2 c5 10. c3 Rc8 11. Be3 Bxd3 12. Qxd3 Nf5 13. Nf4 cxd4 14. cxd4 Nb8 15. Bd2 Be7 16. g4 Nh4 17. Nxh4 Bxh4 18. Bb4 Nc6 19. Bc3 Qb6 20. Nxe6 fxe6 21. Qg6+ Kf8 22. Qxe6 Re8 23. Qxd5 Qd8 24. Qf3+ Kg8 25. Re4 Ne7 26. Rd1 Nd5 27. Qf5 Rf8 28. Qe6+ Kh7 29. Be1 Nf4 30. Qb3 Qg5 31. h3 Qg6 32. Re3 h5 33. Qxb7 Rf7 34. Kf1 0-1


[Site "https://www.chess.com"]

[Event "Titled Tuesday Blitz March 28 Early 2023"]
[White "Cuenca Jimenez, Jose Fernando"]
[Black "Novikov, Evgenij"]
[WhiteFideId "2255570"]
[BlackFideId "4125380"]
[WhiteElo "2429"]
[BlackElo "2242"]
[Result "0-1"]
[Round "07"]
[TimeControl "180+2"]
[Date "2023.03.28"]
[WhiteClock "0:00:08"]
[BlackClock "0:00:07"]

1. c4 c5 2. Nf3 Nc6 3. d4 cxd4 4. Nxd4 d6 5. e4 Nf6 6. Nc3 e6 7. Nc2 Be7 8. Be2 O-O 9. O-O b6 10. Be3 Bb7 11. f4 Rc8 12. b3 Qc7 13. Bf3 Rfd8 14. Rc1 Qb8 15. Qe2 Qa8 16. Bf2 Rd7 17. Rfd1 Bf8 18. g4 Ne7 19. g5 Ne8 20. Nd4 Ng6 21. Bg3 e5 22. Bg4 exd4 23. Bxd7 dxc3 24. Bxc8 Qxc8 25. Rxc3 Qh3 26. Re3 Ne7 27. f5 f6 28. Bxd6 Qh4 29. Bg3 Qxg5 30. Rd7 Bc6 31. Rd8 h5 32. h4 Qh6 33. Qf3 Nxf5 34. Qf4 Nxe3 35. Qxh6 gxh6 36. Bf2 Ng4 37. Bd4 Kf7 38. Rc8 Bd7 39. Ra8 a5 40. Ra7 Ke6 41. Bxb6 Bd6 42. c5 Be5 43. Rxa5 Bc6 44. Ra7 Ne3 45. Kf2 Nc2 46. Kf3 Nd4+ 47. Ke3 f5 48. exf5+ Nxf5+ 49. Kd3 Nxh4 50. Kc4 Nf6 51. b4 Nf5 52. b5 Bd5+ 53. Kb4 Ne4 54. c6 Bc3+ 55. Ka3 Nfd6 56. Ka4 Bc4 57. Bc7 Bxb5+ 58. Kb3 Bc4+ 59. Kc2 Nb5 60. Ra6 Nd4+ 61. Kc1 Bd2+ 62. Kb2 Bc3+ 63. Ka3 Bxa6 64. Ka4 Bd2 65. Bb6 Bc4 66. c7 Bb5+ 67. Ka3 Bd7 68. c8=Q Bxc8 69. Kb2 Bf4 70. Bxd4 Be5 71. Bxe5 Kxe5 72. Kb3 Be6+ 73. Kb4 Bxa2 74. Ka3 h4 75. Kb2 h3 76. Ka3 h2 77. Kb2 h1=Q 78. Ka3 Qb1 79. Ka4 Nc5+ 80. Ka5 Nd7 81. Ka6 Qb6# 0-1


[Site "https://www.chess.com"]

[Event "Titled Tuesday Blitz March 28 Early 2023"]
[White "Hardaway, Brewington"]
[Black "Kubatko, Ivan"]
[WhiteFideId "30941849"]
[BlackFideId "24111473"]
[WhiteElo "2159"]
[BlackElo "2285"]
[Result "1-0"]
[Round "07"]
[TimeControl "180+2"]
[Date "2023.03.28"]
[WhiteClock "0:00:57"]
[BlackClock "0:00:01"]

1. d3 d5 2. Bd2 Nf6 3. c4 e6 4. g3 c5 5. Bg2 Nc6 6. Nf3 Be7 7. O-O O-O 8. cxd5 exd5 9. a3 Re8 10. Re1 h6 11. Nc3 Be6 12. Rc1 Rc8 13. e3 Qd7 14. Ne2 Bh3 15. Bc3 Bxg2 16. Kxg2 d4 17. exd4 cxd4 18. Nexd4 Nxd4 19. Bxd4 a6 20. Qb3 Rxc1 21. Rxc1 Rd8 22. Bb6 Re8 23. d4 Bd6 24. Bc5 Bb8 25. Qc3 Nd5 26. Qd2 b6 27. Bb4 a5 28. Bc3 Nf6 29. Re1 Rd8 30. Qe2 Qd5 31. Kg1 Bd6 32. Nd2 Re8 33. Qf1 Rxe1 34. Qxe1 h5 35. Qe2 h4 36. Qc4 Qf5 37. Qc6 hxg3 38. hxg3 Be7 39. Qxb6 Ng4 40. Qb8+ Kh7 41. Qf4 Qg6 42. Qe4 f5 43. Qxe7 Nf6 44. Qe3 1-0


[Site "https://www.chess.com"]

[Event "Titled Tuesday Blitz March 28 Early 2023"]
[White "Vaibhav Jayant Raut"]
[Black "Pein, Jonathan"]
[WhiteFideId "5089034"]
[BlackFideId "417092"]
[WhiteElo "2156"]
[BlackElo "2151"]
[Result "0-1"]
[Round "07"]
[TimeControl "180+2"]
[Date "2023.03.28"]
[WhiteClock "0:00:03"]
[BlackClock "0:00:10"]

1. c4 g6 2. Nc3 Bg7 3. g3 e5 4. d3 Ne7 5. Bg2 c6 6. h4 h6 7. h5 g5 8. Nf3 d5 9. cxd5 cxd5 10. Nxg5 hxg5 11. Bxg5 Be6 12. h6 Bf8 13. Qb3 Nbc6 14. Bxe7 Qxe7 15. Nxd5 Bxd5 16. Bxd5 Rxh6 17. Rxh6 Bxh6 18. e3 Qb4+ 19. Ke2 Qxb3 20. axb3 Bf8 21. f4 exf4 22. gxf4 Bb4 23. Rh1 Ke7 24. Rh7 Nd8 25. Rh8 Rc8 26. Bc4 a6 27. d4 b5 28. Bd3 Rc1 29. Kf3 Rd1 30. Be4 Rf1+ 31. Ke2 Re1+ 32. Kf2 Rd1 33. Kf3 Rd2 34. Rh6 Ne6 35. d5 Nc5 36. Rc6 Rxb2 37. f5 Rxb3 38. f6+ Kd8 39. Bf5 Nd7 40. Rxa6 Ra3 41. Rc6 Bd2 42. Kg4 Rxe3 43. Ra6 Rc3 44. Ra8+ Rc8 45. Ra2 Bc3 46. Rh2 Nxf6+ 47. Kf4 Rc4+ 48. Kg5 Ke7 49. d6+ Kxd6 50. Rh1 Nd5 51. Rd1 f6+ 52. Kg6 b4 53. Kf7 b3 54. Rh1 Rc7+ 55. Kg6 b2 56. Bb1 Nf4+ 57. Kf5 Nd5 58. Rh8 Be5 59. Ke4 Rc1 60. Ba2 b1=Q+ 61. Bxb1 Rxb1 62. Rd8+ Ke6 63. Ra8 Rb4+ 64. Kd3 Ne7 65. Ra6+ Kf5 66. Ke2 Re4+ 67. Kf3 Rf4+ 68. Kg2 Rc4 69. Kh3 Rc3+ 70. Kg2 Kg4 71. Kh1 Kh3 72. Ra1 Nf5 73. Re1 Ng3+ 74. Kg1 Bd4+ 75. Re3 Bxe3# 0-1


[Site "https://www.chess.com"]

[Event "Titled Tuesday Blitz March 28 Early 2023"]
[White "Kim, Sergey"]
[Black "Shubenkova, Veronika"]
[WhiteFideId "13700570"]
[BlackFideId "44124040"]
[WhiteElo "2623"]
[BlackElo "2027"]
[Result "1/2-1/2"]
[Round "07"]
[TimeControl "180+2"]
[Date "2023.03.28"]
[WhiteClock "0:00:43"]
[BlackClock "0:01:15"]

1. d4 d5 2. c4 e6 3. Nc3 Nf6 4. Nf3 c6 5. e3 Bd6 6. Bd3 O-O 7. O-O Nbd7 8. e4 dxe4 9. Bxe4 Qc7 10. Bc2 Bf4 11. Re1 Bxc1 12. Rxc1 Rd8 13. Qd3 Nf8 14. Qe2 b6 15. Red1 Bb7 16. Bb3 Ng6 17. Qe3 a6 18. h3 Qf4 19. Qxf4 Nxf4 20. Kf1 c5 21. dxc5 bxc5 22. Na4 Ne4 23. Bc2 Rxd1+ 24. Rxd1 Rc8 25. Bxe4 Bxe4 26. Nxc5 Bxf3 27. gxf3 g5 28. b4 Nxh3 29. Rd6 a5 30. a3 axb4 31. axb4 Nf4 32. Rd4 Kf8 33. Nd7+ Ke7 34. c5 Nd5 35. Ne5 f6 36. Nd3 Nc3 37. Rd6 h5 38. Rb6 Rc7 39. b5 Na4 40. Rc6 Rxc6 41. bxc6 Kd8 42. f4 g4 43. Kg2 h4 44. f3 g3 45. Kh3 Kc7 46. Ne1 Nxc5 47. Kxh4 Nd3 48. Ng2 Kxc6 49. Kxg3 Kd6 50. Ne3 Ke7 51. Ng4 Kf7 52. Ne3 Kg6 53. Ng4 Kf7 54. Ne3 Kg6 55. Ng4 Kf7 1/2-1/2


[Site "https://www.chess.com"]

[Event "Titled Tuesday Blitz March 28 Early 2023"]
[White "Khamdamova, Afruza"]
[Black "Khumalo, Keith"]
[WhiteFideId "14210444"]
[BlackFideId "14319470"]
[WhiteElo "2210"]
[BlackElo "2056"]
[Result "0-1"]
[Round "07"]
[TimeControl "180+2"]
[Date "2023.03.28"]
[WhiteClock "0:00:03"]
[BlackClock "0:00:23"]

1. e4 e6 2. Nf3 c5 3. d4 cxd4 4. Qxd4 Nc6 5. Qd1 Nf6 6. Nc3 d6 7. Bd3 Be7 8. O-O O-O 9. h3 a6 10. Be3 b5 11. a3 Bb7 12. Re1 Rc8 13. Qd2 Qc7 14. Rad1 Rfd8 15. Nd4 Ne5 16. f4 Nxd3 17. cxd3 g6 18. Rc1 Qb8 19. b4 e5 20. Nf3 Nh5 21. fxe5 dxe5 22. Ne2 Bxe4 23. Rxc8 Qxc8 24. Nxe5 Qc7 25. d4 f6 26. Nd3 Qb7 27. Nef4 Ng7 28. Qa2+ Kh8 29. Nc5 Qa8 30. Nfe6 Bd5 31. Nc7 Bxa2 32. Nxa8 Rxa8 33. Bh6 Bf8 34. Nd7 Rd8 35. Nxf6 Rxd4 36. Rc1 Be6 37. Rc7 Rd1+ 38. Kf2 Rd8 39. Ra7 Bc4 40. g4 Be6 41. Kg3 Rd3+ 42. Kh4 Rd8 43. Rxa6 Be7 44. g5 Nf5+ 45. Kg4 Nxh6+ 46. Kf4 Bd6+ 47. Kf3 Nf5 48. Ra7 Be7 49. Ne4 Rd3+ 50. Kf4 Rxh3 51. Ra8+ Kg7 52. Re8 Kf7 53. Rh8 Rh4+ 54. Ke5 Bf8 55. a4 Bg7+ 56. Nf6 Bxh8 57. axb5 Bxf6+ 58. gxf6 Rxb4 59. b6 Rb5+ 60. Kf4 Kxf6 61. Kg4 h5+ 62. Kf3 Rxb6 63. Ke4 Rb3 64. Kf4 Bd7 65. Ke4 Bc6+ 66. Kf4 g5# 0-1


[Site "https://www.chess.com"]

[Event "Titled Tuesday Blitz March 28 Early 2023"]
[White "Salman, Pavel"]
[Black "Richter, Nils"]
[WhiteFideId "24153753"]
[BlackFideId "12990809"]
[WhiteElo "2187"]
[BlackElo "2381"]
[Result "1-0"]
[Round "07"]
[TimeControl "180+2"]
[Date "2023.03.28"]
[WhiteClock "0:00:15"]
[BlackClock "0:00:02"]

1. d4 d5 2. Nc3 Nf6 3. Bf4 a6 4. e3 Bg4 5. f3 Bd7 6. g4 h6 7. Bd3 e6 8. Nge2 c5 9. Ng3 Nc6 10. Be5 Qb6 11. Na4 Qa5+ 12. c3 c4 13. Bc2 b5 14. Bxf6 bxa4 15. Be5 a3 16. Qd2 axb2 17. Rb1 Nxe5 18. dxe5 Ba3 19. O-O Ba4 20. f4 Bxc2 21. Qxc2 g6 22. f5 gxf5 23. gxf5 O-O-O 24. fxe6 fxe6 25. Rf7 Rd7 26. Qg6 Qxc3 27. Qxe6 Qxe3+ 28. Kg2 Rd8 29. Qc6+ Kb8 30. Rxd7 Rxd7 31. Qxd7 Qxe5 32. Qa4 Qc3 33. Ne2 Qd3 34. Rxb2+ Bxb2 35. Qb4+ Kc7 36. Qxb2 Qe4+ 37. Kf2 Qf5+ 38. Ke1 Qe4 39. Qg7+ Kb8 40. Qf8+ Kb7 41. Qf7+ Kb6 42. Qf6+ Ka5 43. Qd8+ Ka4 44. Qd7+ Ka3 45. Qd6+ Kxa2 46. Qxa6+ Kb3 47. Qxh6 Kc2 48. Qc1+ Kb3 49. Qc3+ Ka4 50. Qa1+ Kb5 51. Qb2+ Kc6 52. Qf6+ Kb5 53. Kf2 Kb4 54. Qd6+ Kb3 55. Qb6+ Kc2 56. Qe3 Qf5+ 57. Kg2 Qg6+ 58. Ng3 Qf5 59. Nxf5 1-0


[Site "https://www.chess.com"]

[Event "Titled Tuesday Blitz March 28 Early 2023"]
[White "Alex_Sahakyan2006"]
[Black "Pniaczek, Marek"]
[BlackFideId "21800421"]
[WhiteElo "2592"]
[BlackElo "2138"]
[Result "1-0"]
[Round "07"]
[TimeControl "180+2"]
[Date "2023.03.28"]
[WhiteClock "0:00:37"]
[BlackClock "0:00:01"]

1. Nc3 Nf6 2. d3 e5 3. Nf3 Nc6 4. g3 d5 5. Bg2 d4 6. Nb1 h5 7. Bg5 Be7 8. Nbd2 Be6 9. h4 Ng4 10. Bxe7 Qxe7 11. Ng5 O-O-O 12. Nxe6 Qxe6 13. c3 f5 14. Qb3 Qxb3 15. axb3 Rh6 16. b4 e4 17. dxe4 dxc3 18. bxc3 Nxf2 19. Kxf2 Rxd2 20. exf5 Ne5 21. Rxa7 Ng4+ 22. Kf3 Rf6 23. Kf4 Rxe2 24. Bxb7+ Kd8 25. Rd1+ Ke7 26. Bf3 Rf2 27. Rxc7+ Ke8 28. Rc8+ Ke7 29. Rc7+ Ke8 30. Rd3 g6 31. Rc5 Ke7 32. Kg5 Rxf5+ 33. Rxf5 gxf5 34. Bxg4 hxg4 35. Rd5 Ke6 36. Rd4 Rf3 37. Rf4 Rxg3 38. Rxf5 Rxc3 39. Kxg4 Rc1 40. Rf4 Rg1+ 41. Kf3 Ke5 42. Rg4 Kf5 43. Rxg1 1-0


[Site "https://www.chess.com"]

[Event "Titled Tuesday Blitz March 28 Early 2023"]
[White "QuiesPrecatio"]
[Black "Annaberdiyev, Meylis"]
[BlackFideId "14000563"]
[WhiteElo "2455"]
[BlackElo "2416"]
[Result "0-1"]
[Round "07"]
[TimeControl "180+2"]
[Date "2023.03.28"]
[WhiteClock "0:01:06"]
[BlackClock "0:01:29"]

1. c4 e5 2. Nf3 Nc6 3. Nc3 f5 4. g3 Nf6 5. d3 Bb4 6. Bg2 O-O 7. O-O Bxc3 8. bxc3 d6 9. a4 a5 10. Ba3 Kh8 11. Nd2 Bd7 12. Rb1 b6 13. e3 Qe8 14. d4 e4 15. c5 bxc5 16. dxc5 d5 17. Nb3 Rf7 18. Nd4 Ne5 19. Nb5 Bc6 20. Qd4 Nf3+ 21. Bxf3 exf3 22. Rfd1 Ne4 23. Bb2 Qe6 24. c4 f4 25. Qd3 fxg3 26. fxg3 Qh3 27. Qf1 f2+ 0-1


[Site "https://www.chess.com"]

[Event "Titled Tuesday Blitz March 28 Early 2023"]
[White "Raahul V S"]
[Black "Sowul, Bartosz"]
[WhiteFideId "25035525"]
[BlackFideId "1137590"]
[WhiteElo "2168"]
[BlackElo "2188"]
[Result "1-0"]
[Round "07"]
[TimeControl "180+2"]
[Date "2023.03.28"]
[WhiteClock "0:00:21"]
[BlackClock "0:00:05"]

1. c4 Nf6 2. Nc3 c5 3. Nf3 g6 4. d4 cxd4 5. Nxd4 Nc6 6. Nc2 Bg7 7. e4 O-O 8. Be2 d6 9. O-O Be6 10. Bd2 a5 11. Rc1 Nd7 12. f4 f5 13. exf5 gxf5 14. Bf3 Bxc4 15. Re1 Kh8 16. Be3 Nc5 17. Nd4 Nd3 18. Nxc6 bxc6 19. Bxc6 Nxe1 20. Bxa8 Qxa8 21. Qxe1 e5 22. Na4 Bxa2 23. Nb6 Qe4 24. fxe5 dxe5 25. Bc5 Qxe1+ 26. Rxe1 Rd8 27. Ra1 Bg8 28. Rxa5 Rd1+ 29. Kf2 Rd2+ 30. Kg3 Rxb2 31. Nd7 Rb3+ 32. Kf2 f4 33. Bd6 Rb2+ 34. Kf3 Rd2 35. Ra6 Bd5+ 36. Kg4 Be6+ 37. Kh5 Bf7+ 38. Kh4 Rxg2 39. Ra8+ Bg8 40. Nxe5 Bf6+ 41. Kh3 Rg7 42. Nf3 h6 43. Bxf4 Kh7 44. Ra6 Bd5 45. Rxf6 Bxf3 46. Rxh6+ Kg8 47. Be5 Rg1 48. Rf6 Bg4+ 49. Kh4 Be2 50. h3 Kh7 51. Rf7+ Kg8 52. Rf2 Bd3 53. Rd2 Bf5 54. Rf2 Be6 55. Rf6 Bd5 56. Rd6 Be4 57. Bg3 Kf7 58. Rd4 Bf5 59. Rf4 Kg6 60. Ra4 Rg2 61. Ra6+ Kf7 62. Be5 Be6 63. Ra7+ Ke8 64. Bf6 Bd7 65. Bg5 Rh2 66. Kh5 Rxh3+ 67. Kg6 Rd3 68. Ra8+ Bc8 69. Rxc8+ Kd7 70. Rd8+ Ke6 71. Rxd3 1-0


[Site "https://www.chess.com"]

[Event "Titled Tuesday Blitz March 28 Early 2023"]
[White "Miszler, Levente"]
[Black "Rastbod, Ali"]
[WhiteFideId "763276"]
[BlackFideId "12567477"]
[WhiteElo "2176"]
[BlackElo "2211"]
[Result "1-0"]
[Round "07"]
[TimeControl "180+2"]
[Date "2023.03.28"]
[WhiteClock "0:01:12"]
[BlackClock "0:00:24"]

1. Nf3 c5 2. c4 Nc6 3. g3 g6 4. Nc3 Bg7 5. Bg2 e6 6. h4 h6 7. d4 cxd4 8. Nb5 d5 9. Nbxd4 e5 10. Nxc6 bxc6 11. cxd5 cxd5 12. Nxe5 Bxe5 13. Bxd5 Qa5+ 14. Kf1 Rb8 15. b4 Qxb4 16. Bxf7+ Kxf7 17. Qd5+ Kf6 18. Bg5+ hxg5 19. hxg5+ Kf5 20. Rxh8 Qb1+ 21. Rxb1 Rxb1+ 22. Kg2 Bb7 23. e4+ 1-0


[Site "https://www.chess.com"]

[Event "Titled Tuesday Blitz March 28 Early 2023"]
[White "Dino_Ballecer"]
[Black "Olsson, William"]
[BlackFideId "1741721"]
[WhiteElo "2586"]
[BlackElo "2197"]
[Result "1-0"]
[Round "07"]
[TimeControl "180+2"]
[Date "2023.03.28"]
[WhiteClock "0:00:28"]
[BlackClock "0:00:01"]

1. e4 c5 2. Nf3 d6 3. Bb5+ Nd7 4. Bxd7+ Bxd7 5. O-O Nf6 6. e5 dxe5 7. Nxe5 e6 8. Qf3 Bd6 9. Nxd7 Qxd7 10. Nc3 O-O 11. d3 b5 12. Bg5 Nd5 13. Nxd5 exd5 14. Rfe1 Rfe8 15. Bf4 Rxe1+ 16. Rxe1 Re8 17. Rxe8+ Qxe8 18. h3 Bxf4 19. Qxf4 h6 20. Kf1 Qd8 21. a3 c4 22. Qd4 cxd3 23. Qxd3 a6 24. g3 Qd6 25. Kg2 Qc6 26. h4 Kf8 27. Kh2 Qc4 28. Qd2 Qc6 29. c3 Qc5 30. Kg2 Qc6 31. Qd4 Ke7 32. Qxg7 d4+ 33. Kg1 d3 34. Qd4 Qf3 35. Qe5+ Kd7 36. Qd4+ Ke6 37. Qb6+ Kd7 38. Qa7+ Ke8 39. Qb8+ Ke7 40. Qe5+ Kd7 41. Qd4+ Kc6 42. c4 Qe2 43. Qd5+ Kc7 44. Qxf7+ Kb6 45. Qf6+ Kc5 46. cxb5 d2 47. Qc6+ Kd4 48. Qc3+ Ke4 49. Qc6+ Kd3 50. Qc3+ Ke4 51. Qc6+ Kf5 52. Qd5+ Kf6 53. Qd6+ Kg7 54. Qd7+ Kg6 55. h5+ Kg5 56. Qd5+ 1-0


[Site "https://www.chess.com"]

[Event "Titled Tuesday Blitz March 28 Early 2023"]
[White "Lenaerts, Lennert"]
[Black "Gatterer, Florian"]
[WhiteFideId "211435"]
[BlackFideId "811688"]
[WhiteElo "2334"]
[BlackElo "2221"]
[Result "1-0"]
[Round "07"]
[TimeControl "180+2"]
[Date "2023.03.28"]
[WhiteClock "0:02:46"]
[BlackClock "0:01:50"]

1. d4 d5 2. c4 c6 3. cxd5 cxd5 4. Bf4 Nf6 5. Nc3 Nc6 6. e3 Bf5 7. Nf3 e6 8. Qb3 Bb4 9. Ne5 O-O 10. Nxc6 Bxc3+ 11. Qxc3 bxc6 12. Qa3 Ne4 13. f3 Nf6 14. Rc1 Nh5 15. Bd6 Re8 16. Ba6 Qh4+ 17. g3 Qh3 18. Bf1 1-0


[Site "https://www.chess.com"]